 Dungeon Sprint DCSS version 0.29.1-15-g9cfb28693d (webtiles) character file.

Game seed: 391553450070201027

22 Groucho the Sneak (level 2, -1/13 HPs)
             Began as a Spriggan Earth Elementalist on Apr 29, 2023.
             Was a Believer of Dithmenos.
             Slain by a centaur (5 damage)
             ... in the Dungeon (Sprint VII: "The Pits").
             The game lasted 00:02:57 (1184 turns).

Groucho the Sneak (Spriggan Earth Elementalist)     Turns: 1184, Time: 00:02:58

Health: -1/13      AC:  2    Str:  4    XL:     2   Next: 68%
Magic:  5/7        EV: 18    Int: 16    God:    Dithmenos [**....]
Gold:   0          SH:  0    Dex: 15    Spells: 7/8 levels left

rFire   . . .      SeeInvis +   h - +2 dagger
rCold   . . .      Faith    .   (no shield)
rNeg    . . .      Spirit   .   a - +0 robe
rPois   .          Reflect  .   (helmet restricted)
rElec   .          Harm     .   (no cloak)
rCorr   .          Rampage  .   (gloves unavailable)
Will    .....      NoTele   +   (boots unavailable)
Stlth   ++++......              (no amulet)
HPRegen 0.04/turn               (no ring)
MPRegen 0.10/turn               (no ring)

@: wreathed by umbra, very quick
A: very small, no large weapons, unfitting armour, see invisible, speed 3
a: Renounce Religion, Shadow Step


You were in the Dungeon.
You worshipped Dithmenos.
Dithmenos was pleased with you.
You visited 1 branch

Inventory:

Hand Weapons
 h - a +2 dagger (weapon)
Missiles
 j - 10 stones
Armour
 a - a +0 robe (worn)
Scrolls
 g - a scroll of blinking
 k - 5 scrolls of amnesia
 l - a scroll of summoning
Potions
 b - 5 potions of magic
 c - a potion of curing
 d - a potion of heal wounds
 e - a potion of haste
 f - 3 potions of berserk rage
 i - 2 potions of invisibility


   Skills:
 + Level 1.9 Short Blades
 + Level 4.0 Dodging
 + Level 4.6 Stealth
 + Level 3.8 Spellcasting
 - Level 1.3 Transmutations
 + Level 3.3 Earth Magic
 + Level 1.9 Invocations


You had 7 spell levels left.
You knew the following spells:

 Your Spells              Type           Power      Damage    Failure   Level
a - Sandblast             Erth           26%        2d8       4%          1

Your spell library contained the following spells:

 Spells                   Type           Power      Damage    Failure   Level
 Passwall                 Tmut/Erth      8%         N/A       10%         2
 Stone Arrow              Conj/Erth      16%        3d8       26%         3
 Petrify                  Tmut/Erth      10%        N/A       54%         4


Dungeon Overview and Level Annotations

Branches:
Dungeon (1/1)

Altars:
Ashenzari
Cheibriados
Dithmenos
Elyvilon
Fedhas
Gozag
Hepliaklqana
Kikubaaqudgha
Makhleb
Nemelex Xobeh
Okawaru
Qazlal
Ru
Sif Muna
Trog
Uskayaw
Vehumet
Wu Jian
Xom
Yredelemnul
Zin
The Shining One
Jiyva
Lugonu

Annotations:
D Pargi, Sigmund


Innate Abilities, Weirdness & Mutations

You are very small and have problems with some larger weapons.
You are too small for most types of armour.
You have supernaturally acute eyesight. (SInv)
You cover ground extremely quickly. (Speed+++)


Message History

Unknown command.
Unknown command.
Unknown command.
There is an open door here.
You close the door.
Your magical contamination has completely faded away.
You start resting.
Magic restored.
You start waiting.
Done waiting.
You start waiting.
A centaur opens the door.
It is wielding a +0 shortbow.
Casting: Sandblast (safe; 4% risk of failure)
Confirm with . or Enter, or press ? or * to list all spells.
Aiming: Sandblast (safe; 4% risk of failure)
Press: ? - help, Shift-Dir - straight line, f - centaur
Aim: a centaur, wielding a +0 shortbow (wandering, hasn't noticed you, umbra, 89% to hit)
The blast of sand hits the centaur!
The centaur is heavily wounded.
The centaur shouts!
The centaur shoots an arrow.
The arrow hits you!
Ouch! That really hurt!
The centaur shoots an arrow.
The arrow misses you.
Unknown command.
Unknown command.
The centaur unwields a +0 shortbow.
The centaur misses you. The centaur kicks you.
There is an open door here.
Casting: Sandblast (safe; 4% risk of failure)
Confirm with . or Enter, or press ? or * to list all spells.
Aiming: Sandblast (safe; 4% risk of failure)
Press: ? - help, Shift-Dir - straight line, f/p - centaur
Aim: a centaur (heavily wounded, umbra, 89% to hit)
The blast of sand hits the centaur!
The centaur is severely wounded.
Sigmund shouts!
The centaur closely misses you.
The centaur kicks you but does no damage.
The centaur hits you.
You die...

############
#_________.#
#_________.#
#_______...#######
##########'##.....
#.?..')))'.##.....
##########.##.....
#..........)'.....
#@#####'#####.....
#c#..#..#..##.....
#.#..'..'..#####'#
#.##'####+###.....
#@#... #.....
#.#...) #.....
#.#####+ #...<.
#.# #..... #.#
#.....


You could see Sigmund and a centaur.

Vanquished Creatures
  A gnoll (D)
  An ufetubus (D)
  A goblin (D)
  A quokka (D)
  A ball python (D)
  3 frilled lizards (D)
  A kobold (D)
  A rat (D)
10 creatures vanquished.

Notes
Turn   | Place    | Note
-------+----------+-------------------------------------------
     0 | D        | Groucho the Spriggan Earth Elementalist began the quest for
                  | the Orb.
     0 | D        | Reached XP level 1. HP: 9/9 MP: 5/5
    38 | D        | Found a glowing golden altar of the Shining One.
    38 | D        | Found a glowing silver altar of Zin.
    38 | D        | Found a basalt altar of Yredelemnul.
    38 | D        | Found a shimmering altar of Xom.
    38 | D        | Found an ornate altar of the Wu Jian Council.
    38 | D        | Found a bloodstained altar of Trog.
    38 | D        | Found a shimmering blue altar of Sif Muna.
    38 | D        | Found a sacrificial altar of Ru.
    38 | D        | Found a stormy altar of Qazlal.
    38 | D        | Found an iron altar of Okawaru.
    38 | D        | Found a sparkling altar of Nemelex Xobeh.
    38 | D        | Found a burning altar of Makhleb.
    38 | D        | Found a viscous altar of Jiyva.
    38 | D        | Found a hazy altar of Hepliaklqana.
    38 | D        | Found an opulent altar of Gozag.
    38 | D        | Found a blossoming altar of Fedhas.
    38 | D        | Found a white marble altar of Elyvilon.
    38 | D        | Found a shadowy altar of Dithmenos.
    38 | D        | Found a snail-covered altar of Cheibriados.
    39 | D        | Found a radiant altar of Vehumet.
    39 | D        | Found a corrupted altar of Lugonu.
    40 | D        | Found an ancient bone altar of Kikubaaqudgha.
    40 | D        | Found a hide-covered altar of Uskayaw.
    40 | D        | Found a broken altar of Ashenzari.
    45 | D        | Became a worshipper of Dithmenos the Shadowed
    68 | D        | Reached * piety under Dithmenos
    69 | D        | Reached skill level 1 in Short Blades
    69 | D        | Reached skill level 1 in Invocations
   427 | D        | Reached XP level 2. HP: 13/13 MP: 5/7
   740 | D        | Reached ** piety under Dithmenos
   962 | D        | Noticed a phantom
   962 | D        | Noticed Sigmund
   966 | D        | Noticed a centaur
   967 | D        | Noticed Pargi
   967 | D        | Noticed a phantom
  1184 | D        | Slain by a centaur

Illustrated notes

Levels and vault maps discovered:
D:        pitsprint [storerooms_1, entrance_room_1, metal_vault_3, armoury_2,
          mini_pit_1, grid_room_1, main_hall_1, silver_pit, the_coven_1,
          the_vestibule_1, steel_vault_4, golden_pit, hallway_of_sentries,
          crystal_vault_2, iron_vault_3, final_vault]

Skill      XL: |  1  2 |
---------------+-------+-----
Dodging        | 3 4 |  4.0
Spellcasting   | 3 |  3.8
Short Blades   | 1 |  1.9
Stealth        | 4 |  4.6
Earth Magic    | 3 |  3.3
Invocations    | 1 |  1.9
Transmutations | |  1.3

Action                   || total
-------------------------++-------
Melee: Dagger            ||     3
 Cast: Sandblast         ||    20
Armor: Robe              ||     1
Dodge: Dodged            ||    18
